 Dungeon Crawl Stone Soup version 0.17.1-1-g73c8601 (console) character file.

2678 Kloppie the Fighter (level 9, -9/78 HPs)
             Began as a Formicid Fighter on Dec 11, 2015.
             Was a Believer of Elyvilon.
             Mangled by a queen bee (14 damage)
             ... on level 8 of the Dungeon.
             The game lasted 00:10:36 (6403 turns).

Kloppie the Fighter (Formicid Fighter)              Turns: 6403, Time: 00:10:36

Health: -9/78      AC: 14    Str: 26    XL:     9   Next: 95%
Magic:  9/9        EV: 10    Int:  8    God:    Elyvilon [**....]
Gold:   311        SH:  7    Dex: 13    Spells: 0 memorised, 8 levels left

rFire  . . .     SeeInvis +     a - +1 war axe
rCold  . . .     Clarity  .     b - +0 scale mail
rNeg   . . .     SustAt   .     v - +2 buckler
rPois  +         Gourm    .     (helmet unavailable)
rElec  .         Spirit   .     w - +1 cloak
rCorr  +         Warding  .     (no gloves)
rMut   .         Stasis   +     (no boots)
MR     .....                    J - amulet of resist corrosion
Stlth  ..........               I - ring of poison resistance
                                D - +5 ring of protection

@: mighty, not resistant to hostile enchantments, extremely unstealthy
A: permanent stasis, dig shafts and tunnels, four strong arms, antennae 3
a: Dig, Shaft Self, Lesser Healing, Heal Other, Divine Protection, Renounce
Religion


You were on level 8 of the Dungeon.
You worshipped Elyvilon.
Elyvilon was pleased with you.
You were not hungry.

You visited 1 branch of the dungeon, and saw 8 of its levels.

You collected 311 gold pieces.

Inventory:

Hand Weapons
 a - a +1 war axe (weapon)
Armour
 b - a +0 scale mail (worn)
 c - a +0 shield
 s - a cursed +0 chain mail
 v - a +2 buckler (worn)
 w - a +1 cloak (worn)
Jewellery
 j - an uncursed ring of flight
 x - an uncursed ring of protection from magic
 D - a +5 ring of protection (left hand)
 I - a ring of poison resistance (right hand)
 J - an amulet of resist corrosion (around neck)
Scrolls
 i - 2 scrolls of identify
 k - a scroll of noise {unknown}
 l - a scroll of fog
 p - 3 scrolls of remove curse
 t - a scroll of enchant armour
Potions
 d - 3 potions of might
 f - 5 potions of curing
 h - a potion of haste {unknown}
 m - a potion of invisibility
 n - a potion of lignification {unknown}
 u - a potion of mutation
 A - 2 potions of berserk rage
 B - a potion of agility
 G - a potion of brilliance
Comestibles
 e - 4 bread rations
 g - a beef jerky
 o - a royal jelly
 q - 3 meat rations
 C - a fruit


   Skills:
 + Level 10.3 Fighting
 + Level 9.5 Axes
 - Level 3.2 Armour
 - Level 3.6 Shields


You had 8 spell levels left.
You didn't know any spells.

Dungeon Overview and Level Annotations

Branches:
Dungeon (8/15)             Temple (0/1) D:7
   Lair: D:8-11

Altars:
Ashenzari
Cheibriados
Elyvilon
Fedhas
Kikubaaqudgha
Makhleb
Okawaru
Sif Muna
Trog
Vehumet
Xom
The Shining One


Innate Abilities, Weirdness & Mutations

You are under a permanent stasis effect.
You can dig through walls and to a lower floor.
Your four strong arms can wield two-handed weapons with a shield.
You have a pair of large antennae on your head (SInv).


Message History

The killer bee stings you.
* * * LOW HITPOINT WARNING * * *
The killer bee barely misses you. The queen bee closely misses you.
Drink which item? (? for menu, Esc to quit)
You feel better. You block the killer bee's attack. The killer bee stings you.
* * * LOW HITPOINT WARNING * * *
The killer bee stings you.
* * * LOW HITPOINT WARNING * * *
The queen bee stings you but does no damage.
You barely miss the queen bee.
The queen bee is moderately wounded.
You slash the killer bee!
The killer bee is almost dead.
The killer bee stings you!
* * * LOW HITPOINT WARNING * * *
The killer bee stings you but does no damage.
The killer bee stings you!
* * * LOW HITPOINT WARNING * * *
The queen bee stings you!
You die...

?# .... {{ %#
#... .# #... %#
#.. %##.# .a.##
### ###yy.# #<#
.####..@..# #.#
.....[....## #.#
........#..###.#
......####.#<#.#
###### #...#.#
##..#.# #..#.#
#..#.# #.†#.#


You could see a queen bee, a worker ant and a killer bee (berserk).

Vanquished Creatures
  Pikel (D:8)
  An orc warrior (D:6)
  A phantom (D:6)
  An ogre (D:5)
  A necrophage (D:8)
  2 centaurs
  3 giant frogs
  A scorpion (D:7)
  10 killer bees (D:8)
  3 crimson imps
  A jelly (D:8)
  2 orc priests
  5 hounds
  A giant frog skeleton (D:6)
  3 orc wizards (D:4)
  3 iguanas
  5 worker ants
  3 sheep (D:6)
  9 gnolls
  9 adders
  2 shadow imps
  An adder zombie (D:7)
  An ooze (D:1)
  A worm (D:2)
  18 orcs
  9 bats
  4 giant cockroaches
  4 hobgoblins
  3 giant geckos
  A giant gecko skeleton (D:6)
  3 giant newts
  5 goblins
  10 kobolds
  9 quokkas
  4 rats
140 creatures vanquished.

Vanquished Creatures (others)
  A slave (D:8)
  A human (D:2)
2 creatures vanquished.

Grand Total: 142 creatures vanquished

Notes
Turn   | Place    | Note
--------------------------------------------------------------
     0 | D:1      | Kloppie the Formicid Fighter began the quest for the Orb.
     0 | D:1      | Reached XP level 1. HP: 18/18 MP: 1/1
   168 | D:1      | Reached XP level 2. HP: 22/24 MP: 2/2
   403 | D:1      | Reached XP level 3. HP: 26/30 MP: 3/3
   845 | D:2      | Reached skill level 4 in Fighting
   855 | D:2      | Reached XP level 4. HP: 19/37 MP: 4/4
  1280 | D:2      | Found an ancient bone altar of Kikubaaqudgha.
  1281 | D:2      | Noticed a human
  1284 | D:2      | Killed a human
  2338 | D:3      | Reached XP level 5. HP: 32/43 MP: 5/5
  2517 | D:4      | Reached skill level 5 in Fighting
  2729 | D:4      | Reached XP level 6. HP: 40/51 MP: 6/6
  2860 | D:4      | Noticed a giant frog
  2865 | D:4      | Killed a giant frog
  2865 | D:4      | Reached skill level 5 in Axes
  3064 | D:4      | Reached XP level 7. HP: 42/57 MP: 7/7
  3121 | D:4      | Found a glowing golden altar of the Shining One.
  3136 | D:4      | Found a white marble altar of Elyvilon.
  3138 | D:4      | Found a radiant altar of Vehumet.
  3138 | D:4      | Found a deep blue altar of Sif Muna.
  3158 | D:4      | Became a worshipper of Elyvilon the Healer
  3192 | D:4      | Reached skill level 6 in Fighting
  3376 | D:4      | Found a snail-covered altar of Cheibriados.
  3557 | D:4      | Found an iron altar of Okawaru.
  3607 | D:5      | Entered Level 5 of the Dungeon
  3877 | D:5      | Reached * piety under Elyvilon
  4012 | D:5      | Reached skill level 7 in Fighting
  4012 | D:5      | Reached XP level 8. HP: 50/67 MP: 8/8
  4733 | D:6      | Found a snail-covered altar of Cheibriados.
  4821 | D:6      | Found a deep blue altar of Sif Muna.
  4899 | D:6      | Found a shattered altar of Ashenzari.
  4904 | D:6      | Found a blossoming altar of Fedhas.
  4921 | D:6      | Found a shimmering altar of Xom.
  4991 | D:6      | Reached skill level 8 in Fighting
  5157 | D:6      | Reached ** piety under Elyvilon
  5237 | D:6      | Found a bloodstained altar of Trog.
  5271 | D:6      | Reached XP level 9. HP: 23/75 MP: 9/9
  5856 | D:7      | Found a burning altar of Makhleb.
  6003 | D:7      | Reached skill level 9 in Fighting
  6179 | D:7      | Found a staircase to the Ecumenical Temple.
  6339 | D:8      | Noticed Pikel
  6374 | D:8      | Killed Pikel
  6374 | D:8      | Reached skill level 10 in Fighting
  6391 | D:8      | Noticed a queen bee
  6403 | D:8      | Mangled by a queen bee

Action                   |  1- 3 |  4- 6 |  7- 9 || total
-------------------------+-------+-------+-------++-------
Melee: War axe           |   102 |   148 |   320 ||   570
  Use: Scroll            |       |       |    17 ||    17
       Potion            |       |       |     3 ||     3
  Eat: Chunk             |       |     7 |     6 ||    13
       Fruit             |       |       |     3 ||     3
       Pizza             |       |       |     1 ||     1
       Beef jerky        |       |       |     1 ||     1
